 Dungeon Crawl Stone Soup version 0.32-a0-12-g7fc57aa741 (webtiles) character file.

Game seed: 2509825712880369427

20845 Xavori the Protected (level 13, 0/82 HPs)
             Began as a Djinni Chaos Knight on Jan 14, 2024.
             Was a Plaything of Xom.
             Slain by a komodo dragon (10 damage)
             ... on level 2 of the Lair of Beasts.
             The game lasted 00:19:10 (27170 turns).

Xavori the Protected (Djinni Chaos Knight)         Turns: 27170, Time: 00:19:11

Health: 0/82       AC: 27    Str: 10    XL:     13   Next: 15%
Gold:   909        EV:  5    Int: 18    God:    Xom [....*.] SH: 14 Dex: 21

rFire   + + .        F - +3 falchion
rCold   . . .        x - +2 kite shield
rNeg    . . .        t - +8 plate armour of Xom's Displeasure {Rampage rC+ Will+ rCorr}
rPois   ∞            (no helmet)
rElec   .            (no cloak)
rCorr   +            v - +0 pair of gloves
SInv    .            (boots unavailable)
Will    +++..        r - amulet of Midnight {Faith +Blink rCorr} Stlth
                     I - +6 ring of dexterity
HPRegen 0.33/turn    z - ring of wizardry
MPRegen 0.00/turn

%: clarity, rampage, faith, wizardry (x1), infuse magic (-1 HP)
@: flying
A: sickness immunity, fire resistance 2, cold vulnerability 1, float, innate
caster, HP casting, extra vitality 1, claws 1, iridescent scales 2, clarity,
clever 1, clumsy 1, frail 1, strong-willed 1, sense surroundings 1, sturdy frame
1
a: Renounce Religion, Evoke Blink


You were on level 2 of the Lair of Beasts.
You worshipped Xom.
You were a beloved toy of Xom.
You visited 2 branches of the dungeon, and saw 12 of its levels.
You also visited: Sewer.

You collected 909 gold pieces.

Inventory:

Hand Weapons
 a - a +0 falchion of chaos
 F - a +3 falchion (weapon)
 G - a +0 heavy scimitar
Missiles
 A - a throwing net (quivered)
Armour
 b - a +2 leather armour
 t - the +8 plate armour of Xom's Displeasure (worn) {Rampage rC+ Will+ rCorr}
   (Xom gifted it to you on level 1 of the Dungeon)

   rC+:       It protects you from cold.
   Will+:     It increases your willpower.
   rCorr:     It protects you from acid and corrosion.
   Rampage:   It bestows one free step when moving towards enemies.
 v - a +0 pair of gloves (worn)
 x - a +2 kite shield (worn)
 C - a +0 helmet
Jewellery
 e - a +6 ring of strength
 r - the amulet of Midnight (around neck) {Faith +Blink rCorr}
   (Xom gifted it to you on level 10 of the Dungeon)

   [amulet of faith]

   Faith:     It allows you to gain divine favour quickly.
   +Blink:    It lets you blink.
   rCorr:     It protects you from acid and corrosion.
 z - a ring of wizardry (right hand)
 I - a +6 ring of dexterity (left hand)
Wands
 f - a wand of flame (15)
 h - a wand of mindburst (4)
 q - a wand of quicksilver (10)
 s - a wand of paralysis (26)
 w - a wand of roots (7)
 y - a wand of digging (3)
Scrolls
 c - a scroll of butterflies
 d - 4 scrolls of teleportation
 i - 3 scrolls of poison
 n - a scroll of fog
 p - 2 scrolls of revelation
 H - 2 scrolls of blinking
 K - a scroll of vulnerability {unknown}
Potions
 g - 3 potions of mutation
 j - 4 potions of curing
 k - a potion of invisibility {unknown}
 l - 3 potions of berserk rage
 m - a potion of ambrosia
 o - 3 potions of enlightenment
 u - a potion of brilliance {unknown}
 B - 2 potions of heal wounds
 D - a potion of might {unknown}
 E - 3 potions of resistance
 J - a potion of lignification {unknown}


   Skills:
 + Level 8.1 Fighting
 + Level 7.4 Long Blades
 * Level 9.9 Armour
 * Level 6.6 Dodging
 * Level 8.4 Shields
 * Level 8.4 Spellcasting
 * Level 8.4 Conjurations
 * Level 8.4 Hexes
   Level 0.0 Charms
 * Level 8.4 Summonings
 * Level 8.4 Necromancy
 * Level 8.4 Translocations
   Level 0.0 Transmutations
 * Level 8.4 Fire Magic
 * Level 8.4 Ice Magic
 * Level 8.4 Air Magic
 * Level 8.4 Earth Magic
 * Level 8.4 Alchemy
 + Level 5.7 Evocations


You knew the following spells:

 Your Spells              Type           Power      Damage    Failure   Level
a - Shock                 Conj/Air       100%       1d9       21%         1
b - Searing Ray           Conj           74%        2d7       30%         2
c - Fugue of the Fallen   Necr           37%        N/A       50%         3
d - Summon Lightning Spi  Summ/Air       37%        N/A       87%         4
e - Martyr's Knell        Necr/Summ      37%        N/A       87%         4
f - Lee's Rapid Deconstr  Erth           18%        3d11*     99%         5
Your spell library was empty.

Dungeon Overview and Level Annotations

Branches:
Dungeon (10/15)            Temple (0/1) D:4            Lair (2/5) D:9
    Orc (0/2) D:9           Sewer (visited)
  Swamp: Lair:2-3    Shoals: Lair:2-3     Snake: Lair:2-3    Spider: Lair:2-3

Altars:
Cheibriados
Fedhas
Gozag
Hepliaklqana
Makhleb
Nemelex Xobeh
Okawaru
Qazlal
Ru
Trog
Uskayaw
Xom
Yredelemnul


Innate Abilities, Weirdness & Mutations

You are immune to sickness and miasma.
You are immune to poison.
Your flesh is very heat resistant. (rF++)
You are vulnerable to cold. (rC-)
You float through the air rather than walking.
You learn spells naturally, not from books.
Your magical power is your life essence.
You have superior vitality. (+4 MHP)
You have sharp fingernails.
You are mostly covered in iridescent scales. (AC +4)
You possess an exceptional clarity of mind.
Your mind is acute. (Int +4, Str/Dex -1)
You are clumsy. (Dex -2)
You are frail. (-10% HP)
You are strong-willed. (Will+)
You passively map a small area around you.
Your movements are slightly less encumbered by armour. (ER -2)


Message History

The blink frog attacks as it pursues you!
The blink frog hits you but does no damage.
Something closely misses your quasit.
You hit the komodo dragon but do no damage.
The area is suffused with divine lightning!
The blast of lightning engulfs the komodo dragon!!!
The blast of lightning engulfs the cane toad!!!
The cane toad dies!
The komodo dragon hisses angrily.
You hear an angry hiss.
You block the komodo dragon's attack.
You hit the komodo dragon but do no damage.
The komodo dragon is almost dead. "Feel my power!"
The komodo dragon is outlined in light. x2; The bush is outlined in light.
The blink frog is outlined in light. x2; The komodo dragon bites you!
Unknown command.
Your crimson imp hits the komodo dragon.
The blink frog hits you but does no damage.
The komodo dragon bites you but does no damage.
The blink frog blinks!
You slash the blink frog!
The blink frog is severely wounded.
The blink frog hits you but does no damage.
The blink frog hits you!
The blink frog blinks!
You rampage towards the komodo dragon!
You slash the komodo dragon!
The komodo dragon is moderately wounded.
The komodo dragon bites you. You block the komodo dragon's attack.
You slash the komodo dragon!
The komodo dragon is heavily wounded.
The blink frog blinks!
The komodo dragon bites you!
* * * LOW HITPOINT WARNING * * *
You block the blink frog's attack.
The komodo dragon bites you but does no damage.
You barely miss the komodo dragon.
The komodo dragon is almost dead.
The komodo dragon stops glowing. x2
The blink frog hits you but does no damage.
You block the komodo dragon's attack. The komodo dragon bites you!
You die...
Xom guffaws!

#.......5.....#*
#.............#
#......l§...#.#
##...§§§§.....#
#....§§5§#...##
##.#.#§####...#
#.......##...###
#P.#.#l####5...#
##....l@.......#
#.#.#F###.....#
##......###...##
*..#.#.##.....#*
##...........#.#
###.#<#....####
#.....#...#*
##.#.##...P#
#.....##..##


You could see 2 komodo dragons, a blink frog (corona) and a friendly crimson imp
(summoned).

Vanquished Creatures
  A two-headed ogre (D:9)
  Urug (Lair:2)
  Amaemon (D:8)
  Pikel (D:8)
  A lindwurm (Lair:1)
  3 black mambas (Lair:1)
  6 elephants
  A rime drake (Lair:2)
  4 cane toads
  An unseen horror (shapeshifter) (D:10)
  3 komodo dragons
  A troll (D:8)
  Prince Ribbit (D:8)
  11 blink frogs
  A dream sheep (shapeshifter) (Lair:1)
  Sigmund (D:2)
  A ynoxinul (D:8)
  4 wyverns
  12 yaks
  3 wraiths
  3 steam dragons
  An acid dragon (D:10)
  11 water moccasins
  4 orc warriors
  An ice beast (D:4)
  3 ogres
  2 centaurs
  5 lemures (D:7)
  5 kobold brigands
  9 bullfrogs
  3 scorpions
  A gnoll sergeant (D:9)
  2 wights
  5 killer bees (D:9)
  A howler monkey (D:9)
  2 bombardier beetles (D:5)
  A crimson imp (D:7)
  2 jellies
  4 orc priests
  6 hounds
  A sleepcap (D:8)
  2 iguanas
  Terence (D:3)
  12 orc wizards
  Ijyb (D:3)
  17 gnolls
  9 adders
  3 river rats
  2 white imps (D:6)
  2 ribbon worms
  11 dart slugs
  28 orcs
  14 ball pythons
  5 bats
  5 endoplasms
  13 giant cockroaches
  12 goblins
  10 hobgoblins
  2 quokkas (D:1)
  6 frilled lizards
  24 kobolds
  8 rats
317 creatures vanquished.

Vanquished Creatures (collateral kills)
  An orange demon (D:8)
  Jeremiah (D:8)
  2 blink frogs (Lair:2)
  A basilisk (D:10)
  A water moccasin (Lair:2)
  An acid dragon (D:10)
  2 black bears (D:4)
  4 wolves (Lair:2)
  A gnoll sergeant (D:8)
  A gnoll bouda (D:10)
  An orc priest (D:10)
  An adder (D:4)
  A kobold (D:4)
18 creatures vanquished.

Vanquished Creatures (others)
  A dancing weapon (D:10)
  A cane toad (Lair:2)
  2 yaks (Lair:2)
  A wolf (Lair:2)
  2 wights (D:6)
  A hound (D:6)
  An orc priest (D:6)
  An orc wizard (D:7)
  4 gnolls
  3 orcs (D:6)
17 creatures vanquished.

Grand Total: 352 creatures vanquished

Notes
Turn   | Place    | Note
-------+----------+-------------------------------------------
     0 | D:1      | Xavori the Djinni Chaos Knight began the quest for the Orb.
     0 | D:1      | Reached XP level 1. HP: 20/20 MP: 0/0
    53 | D:1      | XOM: divination: detect creatures
    63 | D:1      | Reached XP level 2. HP: 19/25 MP: 0/0
   273 | D:1      | Reached XP level 3. HP: 26/30 MP: 0/0
   273 | D:1      | Learned a level 1 spell: Shock
   323 | D:1      | Reached skill level 1 in Spellcasting
   323 | D:1      | Reached skill level 1 in Conjurations
   323 | D:1      | Reached skill level 1 in Hexes
   323 | D:1      | Reached skill level 1 in Summonings
   323 | D:1      | Reached skill level 1 in Necromancy
   323 | D:1      | Reached skill level 1 in Translocations
   323 | D:1      | Reached skill level 1 in Fire Magic
   323 | D:1      | Reached skill level 1 in Ice Magic
   323 | D:1      | Reached skill level 1 in Air Magic
   323 | D:1      | Reached skill level 1 in Earth Magic
   323 | D:1      | Reached skill level 1 in Alchemy
   591 | D:1      | XOM: silly message
   700 | D:1      | XOM: potion effect (experience)
   700 | D:1      | Reached skill level 5 in Fighting
   700 | D:1      | Reached skill level 4 in Armour
   700 | D:1      | Reached skill level 5 in Dodging
   700 | D:1      | Reached XP level 4. HP: 39/39 MP: 0/0
   767 | D:2      | Noticed Sigmund
   782 | D:2      | Killed Sigmund
   783 | D:2      | Reached skill level 5 in Spellcasting
   783 | D:2      | Reached skill level 5 in Conjurations
   783 | D:2      | Reached skill level 5 in Hexes
   783 | D:2      | Reached skill level 5 in Summonings
   783 | D:2      | Reached skill level 5 in Necromancy
   783 | D:2      | Reached skill level 5 in Translocations
   783 | D:2      | Reached skill level 5 in Fire Magic
   783 | D:2      | Reached skill level 5 in Ice Magic
   783 | D:2      | Reached skill level 5 in Air Magic
   783 | D:2      | Reached skill level 5 in Earth Magic
   783 | D:2      | Reached skill level 5 in Alchemy
   783 | D:2      | Reached XP level 5. HP: 32/43 MP: 0/0
   783 | D:2      | Learned a level 2 spell: Searing Ray
   783 | D:2      | Reached XP level 6. HP: 37/49 MP: 0/0
  1163 | D:2      | XOM: summons 2 hostile shadow creatures
  1661 | D:3      | Noticed Terence
  1670 | D:3      | Killed Terence
  1671 | D:3      | Reached skill level 5 in Long Blades
  1722 | D:3      | XOM: give mutations
  1722 | D:3      | Gained mutation: You do not regenerate when monsters are
                  | visible. [Xom's mischief]
  1722 | D:3      | Gained mutation: You are clumsy. (Dex -2) [Xom's mischief]
  1722 | D:3      | Lost mutation: You are clumsy. (Dex -2) [Xom's mischief]
  1885 | D:3      | Noticed Ijyb
  1893 | D:3      | XOM: chaos cloud
  1894 | D:3      | Paralysed by you for 1 turns
  1901 | D:3      | Killed Ijyb
  1965 | D:1      | XOM: give mutations
  1965 | D:1      | Gained mutation: Your mind is acute. (Int +4, Str/Dex -1)
                  | [Xom's mischief]
  1965 | D:1      | Gained mutation: You expend health (3 HP) to strengthen
                  | your wands. [Xom's mischief]
  1965 | D:1      | Gained mutation: You have a pair of small horns on your
                  | head. [Xom's mischief]
  2684 | D:1      | XOM: give mutation
  2684 | D:1      | Gained mutation: You are agile. (Dex +4, Str/Int -1) [Xom's
                  | grace]
  4025 | D:1      | XOM: god gift: 36 gold pieces
  4085 | D:1      | XOM: torment (26/49 hp)
  4326 | D:1      | XOM: give mutations
  4326 | D:1      | Lost mutation: You are agile. (Dex +4, Str/Int -1) [Xom's
                  | mischief]
  4326 | D:1      | Gained mutation: You are clumsy. (Dex -2) [Xom's mischief]
  4686 | D:1      | XOM: cloud trail
  4877 | D:1      | XOM: give mutations
  4877 | D:1      | Lost mutation: You are clumsy. (Dex -2) [Xom's mischief]
  4877 | D:1      | Gained mutation: Your mind is very acute. (Int +8, Str/Dex
                  | -2) [Xom's mischief]
  5238 | D:1      | XOM: silly message
  6133 | D:1      | XOM: divination: detect items
  6844 | D:1      | XOM: silly message
  7234 | D:1      | XOM: noise
  7373 | D:1      | XOM: cloud trail
  7546 | D:1      | XOM: divination: detect items
  8191 | D:1      | XOM is BORED!
  8191 | D:1      | XOM: give mutations
  8191 | D:1      | Gained mutation: You are agile. (Dex +4, Str/Int -1) [Xom's
                  | mischief]
  8191 | D:1      | Gained mutation: Your muscles are strong. (Str +4, Int/Dex
                  | -1) [Xom's mischief]
  8628 | D:1      | XOM: divination: detect items
  8898 | D:1      | XOM: divination: magic mapping
  9011 | D:1      | XOM: scenery: summon butterflies
  9316 | D:1      | XOM: give mutation
  9316 | D:1      | Gained mutation: You possess an exceptional clarity of
                  | mind. [Xom's grace]
  9458 | D:1      | XOM: god gift: puce potion {god gift}
  9582 | D:1      | XOM: divination: detect items
  9625 | D:1      | XOM: god gift: wand of paralysis (6)
  9947 | D:1      | XOM: give mutations
  9947 | D:1      | Lost mutation: You expend health (3 HP) to strengthen your
                  | wands. [Xom's mischief]
  9947 | D:1      | Gained mutation: You passively map a small area around you.
                  | [Xom's mischief]
 10213 | D:1      | XOM: draining
 10744 | D:1      | XOM: give mutations
 10744 | D:1      | Gained mutation: You are robust. (+10% HP) [Xom's mischief]
 10744 | D:1      | Lost mutation: You have a pair of small horns on your head.
                  | [Xom's mischief]
 10744 | D:1      | Lost mutation: You are robust. (+10% HP) [Xom's mischief]
 10744 | D:1      | Lost mutation: Your muscles are strong. (Str +4, Int/Dex
                  | -1) [Xom's mischief]
 11856 | D:1      | XOM: give mutations
 11856 | D:1      | Lost mutation: You passively map a small area around you.
                  | [Xom's mischief]
 12331 | D:1      | XOM: stat loss: -1 Str (13/14)
 12955 | D:1      | XOM: summons 1 hostile shadow creature
 13239 | D:1      | XOM: god gift: spiked plate armour {god gift}
 13239 | D:1      | Identified the +8 plate armour of Xom's Displeasure
                  | {Rampage rC+ Will+ rCorr} (Xom gifted it to you on level 1
                  | of the Dungeon)
 13392 | D:3      | XOM: 4-stop teleportation journey
 13404 | D:3      | XOM: 5-stop teleportation journey
 13470 | D:3      | Noticed Robin
 13473 | D:3      | Robin changed into Robin the ribbon worm
 13473 | D:3      | Noticed Robin
 13473 | D:3      | XOM: polymorph Robin -> Robin the ribbon worm
 13495 | D:3      | Killed Robin the ribbon worm
 13737 | D:3      | XOM: summons 3 hostile shadow creatures
 13770 | D:3      | XOM: summons 4 hostile demons
 14078 | D:3      | Found a blossoming altar of Fedhas.
 14087 | D:3      | Found an iron altar of Okawaru.
 14212 | D:4      | Found a sparkling altar of Nemelex Xobeh.
 14229 | D:4      | XOM: swap monsters
 14244 | D:4      | Reached XP level 7. HP: 47/48 MP: 0/0
 14244 | D:4      | Learned a level 3 spell: Fugue of the Fallen
 14266 | D:4      | Found a hazy altar of Hepliaklqana.
 14284 | D:4      | XOM: cleaving
 14369 | D:4      | XOM: give mutations
 14369 | D:4      | Lost mutation: You possess an exceptional clarity of mind.
                  | [Xom's mischief]
 14369 | D:4      | Gained mutation: You expend health (3 HP) to strengthen
                  | your wands. [Xom's mischief]
 14369 | D:4      | Lost mutation: Your mind is very acute. (Int +8, Str/Dex
                  | -2) [Xom's mischief]
 14369 | D:4      | Lost mutation: You are agile. (Dex +4, Str/Int -1) [Xom's
                  | mischief]
 14449 | D:4      | Found a staircase to the Ecumenical Temple.
 14523 | D:4      | XOM: summons 2 hostile demons
 14533 | D:4      | XOM: god gift: 43 gold pieces
 14544 | D:4      | XOM: 5-stop teleportation journey
 14709 | D:4      | Found a hide-covered altar of Uskayaw.
 14709 | D:4      | XOM: 2-stop teleportation journey
 14913 | D:4      | XOM: 5-stop teleportation journey
 15031 | D:5      | Entered Level 5 of the Dungeon
 15066 | D:5      | XOM: cleaving
 15080 | D:5      | XOM: god gift: 10 gold pieces
 15084 | D:5      | Reached XP level 8. HP: 56/60 MP: 0/0
 15113 | D:5      | Found a glowing drain.
 15120 | D:5      | Reached skill level 5 in Armour
 15120 | D:5      | Reached skill level 1 in Evocations
 15140 | Sewer    | Entered a sewer
 15204 | Sewer    | Reached skill level 1 in Shields
 15239 | Sewer    | XOM: 3-stop teleportation journey
 15555 | D:5      | XOM: god gift: 46 gold pieces
 15702 | D:5      | XOM: cast spell 'Summon Mana Viper'
 15718 | D:5      | XOM: confuse monster(s)
 16101 | D:5      | XOM: scenery: create altars
 16117 | D:5      | XOM: summons friendly white imp
 16338 | D:6      | XOM: potion effect (attraction)
 16338 | D:6      | Noticed a wyvern
 16346 | D:5      | Reached XP level 9. HP: 52/66 MP: 0/0
 16346 | D:5      | Learned a level 4 spell: Summon Lightning Spire
 16505 | D:6      | XOM: swap monsters
 16518 | D:5      | XOM: summons 2 hostile shadow creatures
 16519 | D:5      | HP: 3/66 [gnoll/+0 club[Xom] (1)]
 16761 | D:5      | XOM: scenery: 1 doors close
 16866 | D:6      | XOM: cast spell 'Chain of Chaos'
 16873 | D:6      | XOM: destruction
 17011 | D:6      | XOM: give mutation
 17011 | D:6      | Lost mutation: Your mind is acute. (Int +4, Str/Dex -1)
                  | [Xom's mischief]
 17398 | D:7      | Reached skill level 6 in Armour
 17420 | D:7      | XOM: potion effect (haste)
 17737 | D:7      | XOM: divination: detect items
 17750 | D:7      | Found a stormy altar of Qazlal.
 17751 | D:7      | Found a sacrificial altar of Ru.
 17751 | D:7      | Found an opulent altar of Gozag.
 17886 | D:7      | XOM: swap monsters
 17891 | D:7      | XOM: blink monster(s)
 17914 | D:7      | XOM: noise
 18064 | D:8      | Found a faded altar of an unknown god.
 18065 | D:8      | Noticed Pikel
 18088 | D:8      | XOM: noise
 18092 | D:7      | XOM: confuse monster(s)
 18233 | D:7      | XOM: potion effect (invisibility)
 18319 | D:8      | Killed Pikel
 18320 | D:8      | Reached XP level 10. HP: 66/73 MP: 0/0
 18338 | D:8      | XOM: divination: detect creatures
 18362 | D:8      | Noticed Amaemon
 18368 | D:8      | Noticed an orange demon
 18371 | D:8      | XOM: fake destruction
 18379 | D:8      | XOM: confusion
 18381 | D:8      | XOM: summons 3 friendly demons
 18395 | D:8      | Killed Amaemon
 18402 | D:8      | Killed an orange demon
 18403 | D:8      | Reached skill level 7 in Armour
 18616 | D:8      | Noticed Prince Ribbit
 18622 | D:8      | XOM: scenery: create altars
 18644 | D:8      | XOM: confusion
 18655 | D:8      | XOM: draining
 18660 | D:8      | XOM: enchant monster (good)
 18676 | D:8      | Killed Prince Ribbit
 18783 | D:7      | XOM: summons 2 hostile demons
 18894 | D:8      | Found a bloodstained altar of Trog.
 18905 | D:8      | XOM: stat loss: -1 Int (13/14)
 18923 | D:8      | Reached skill level 5 in Shields
 19057 | D:8      | XOM: noise
 19059 | D:8      | XOM: 2-stop teleportation journey
 19125 | D:8      | Noticed Jeremiah
 19125 | D:8      | XOM: 3-stop teleportation journey
 19147 | D:8      | HP: 3/68 [Jeremiah/divine providence (9)]
 19296 | D:8      | XOM: summons 1 hostile demon
 19329 | D:8      | XOM: give mutations
 19329 | D:8      | Gained mutation: Armour fits poorly on your strangely
                  | shaped body. [Xom's mischief]
 19329 | D:8      | Lost mutation: You do not regenerate when monsters are
                  | visible. [Xom's mischief]
 19329 | D:8      | Gained mutation: You occasionally lose the ability to read
                  | scrolls when taking damage. [Xom's mischief]
 19477 | D:7      | XOM: summons 1 hostile shadow creature
 19534 | D:7      | Found a burning altar of Makhleb.
 19770 | D:8      | XOM: summons 10 friendly demons
 19772 | D:8      | XOM: give mutations
 19772 | D:8      | Gained mutation: You are partially covered in iridescent
                  | scales. (AC +2) [Xom's grace]
 19772 | D:8      | Gained mutation: You have hidden genetic potential. [Xom's
                  | grace]
 19786 | D:8      | Killed Jeremiah
 19899 | D:8      | XOM: summons 6 hostile demons
 20022 | D:8      | Reached XP level 11. HP: 78/78 MP: 0/0
 20022 | D:8      | Learned a level 4 spell: Martyr's Knell
 20048 | D:8      | XOM: fake destruction
 20151 | D:9      | XOM: polymorph gnoll -> river rat
 20184 | D:9      | XOM: divination: detect creatures
 20310 | D:8      | XOM: summons friendly ufetubus
 20500 | D:9      | XOM: god gift: 43 gold pieces
 20518 | D:9      | Found a staircase to the Orcish Mines.
 20528 | D:9      | XOM: cleaving
 20535 | D:9      | XOM: potion effect (invisibility)
 20641 | D:9      | Found a staircase to the Lair.
 20643 | D:9      | XOM: divination: detect creatures
 20883 | D:9      | Noticed a two-headed ogre
 20893 | D:9      | XOM: enchant monster (bad)
 20908 | D:9      | Killed a two-headed ogre
 21164 | D:10     | Entered Level 10 of the Dungeon
 21242 | D:10     | XOM: noise
 21252 | D:10     | Reached skill level 8 in Armour
 21256 | D:10     | Gained mutation: You are strong-willed. (Will+) [hidden
                  | potential]
 21267 | D:10     | HP: 2/79 [jumping spider (shapeshifter) (14)]
 21272 | D:10     | Identified the amulet of Midnight {Faith +Blink rCorr} (Xom
                  | gifted it to you on level 10 of the Dungeon)
 21272 | D:10     | XOM: god gift: amulet of Midnight {Faith +Blink rCorr}
 21927 | D:1      | XOM: cloud trail
 22446 | D:1      | XOM: give mutations
 22446 | D:1      | Gained mutation: Potions are less effective at restoring
                  | your health. [Xom's mischief]
 22446 | D:1      | Lost mutation: You expend health (3 HP) to strengthen your
                  | wands. [Xom's mischief]
 22446 | D:1      | Gained mutation: Your movements are slightly less
                  | encumbered by armour. (ER -2) [Xom's mischief]
 22550 | D:1      | XOM: give mutation
 22550 | D:1      | Gained mutation: You have supernaturally acute eyesight.
                  | (SInv) [Xom's grace]
 22618 | D:1      | XOM is BORED!
 22618 | D:1      | XOM: give mutations
 22618 | D:1      | Gained mutation: You are clumsy. (Dex -2) [Xom's mischief]
 22618 | D:1      | Lost mutation: Armour fits poorly on your strangely shaped
                  | body. [Xom's mischief]
 22618 | D:1      | Gained mutation: You are very clumsy. (Dex -4) [Xom's
                  | mischief]
 22831 | D:1      | XOM: god gift: +2 lajatang of speed
 23588 | D:1      | XOM: noise
 23618 | D:1      | XOM: give mutations
 23618 | D:1      | Gained mutation: You expend health (3 HP) to strengthen
                  | your wands. [Xom's grace]
 23618 | D:1      | Gained mutation: You are highly strong-willed. (Will++)
                  | [Xom's grace]
 23618 | D:1      | Gained mutation: You have a pair of small horns on your
                  | head. [Xom's grace]
 23618 | D:1      | Gained mutation: You are mostly covered in iridescent
                  | scales. (AC +4) [Xom's grace]
 23770 | D:9      | XOM: silly message
 23771 | D:9      | XOM: summons 3 hostile shadow creatures
 23805 | D:10     | Found a snail-covered altar of Cheibriados.
 24058 | D:10     | Found a basalt altar of Yredelemnul.
 24270 | D:10     | XOM: summons 1 hostile demon
 24407 | D:10     | Noticed a death drake
 24407 | D:10     | a death drake changed into a shapeshifter
 24407 | D:10     | XOM: polymorph death drake -> shapeshifter
 24409 | D:10     | XOM: confusion (+ monsters)
 24447 | Lair:1   | Entered Level 1 of the Lair of Beasts
 24545 | Lair:1   | Noticed a boulder beetle
 24550 | Lair:1   | a boulder beetle changed into a glowing shapeshifter
 24550 | Lair:1   | Noticed a glowing shapeshifter (glowing shapeshifter)
 24550 | Lair:1   | XOM: polymorph boulder beetle -> glowing shapeshifter
 24550 | Lair:1   | a glowing shapeshifter changed into a green ugly thing
 24550 | Lair:1   | Noticed a green ugly thing (glowing shapeshifter)
 24552 | Lair:1   | a green ugly thing changed into a snapping turtle
 24552 | Lair:1   | Noticed a snapping turtle (glowing shapeshifter)
 24554 | Lair:1   | a snapping turtle changed into a glowing shapeshifter
 24554 | Lair:1   | Noticed a glowing shapeshifter (glowing shapeshifter)
 24554 | Lair:1   | XOM: polymorph snapping turtle -> glowing shapeshifter
 24554 | Lair:1   | a glowing shapeshifter changed into a mana viper
 24554 | Lair:1   | Noticed a mana viper (glowing shapeshifter)
 24558 | Lair:1   | a mana viper changed into a dream sheep
 24749 | Lair:1   | XOM: give mutations
 24749 | Lair:1   | Lost mutation: You occasionally lose the ability to read
                  | scrolls when taking damage. [Xom's mischief]
 24749 | Lair:1   | Lost mutation: Potions are less effective at restoring your
                  | health. [Xom's mischief]
 24761 | Lair:1   | XOM: summons friendly white imp
 24821 | Lair:1   | Reached XP level 12. HP: 62/85 MP: 0/0
 24821 | Lair:1   | XOM: enchant monster (bad)
 24889 | Lair:1   | XOM: summons friendly crimson imp
 25130 | Lair:1   | XOM: divination: detect creatures
 25138 | Lair:1   | XOM: 10-stop teleportation journey
 25164 | Lair:1   | XOM: 4-stop teleportation journey
 25272 | Lair:1   | XOM: noise
 25280 | Lair:1   | XOM: polymorph yak -> lindwurm
 25288 | Lair:1   | Reached skill level 9 in Armour
 25294 | Lair:1   | Reached skill level 5 in Evocations
 25381 | Lair:1   | XOM: give mutations
 25381 | Lair:1   | Lost mutation: You are highly strong-willed. (Will++)
                  | [Xom's mischief]
 25381 | Lair:1   | Gained mutation: You are frail. (-10% HP) [Xom's mischief]
 25381 | Lair:1   | Lost mutation: You expend health (3 HP) to strengthen your
                  | wands. [Xom's mischief]
 25531 | Lair:1   | XOM: fog
 25540 | Lair:1   | XOM: give mutations
 25540 | Lair:1   | Lost mutation: You have supernaturally acute eyesight.
                  | (SInv) [Xom's mischief]
 25540 | Lair:1   | Gained mutation: You are very frail. (-20% HP) [Xom's
                  | mischief]
 25540 | Lair:1   | Gained mutation: You possess an exceptional clarity of
                  | mind. [Xom's mischief]
 25540 | Lair:1   | Gained mutation: You have sharp fingernails. [Xom's
                  | mischief]
 25541 | Lair:1   | Gained mutation: You passively map a small area around you.
                  | [hidden potential]
 25541 | Lair:1   | Lost mutation: You have hidden genetic potential. [hidden
                  | potential expressed]
 25548 | Lair:1   | XOM: confuse monster(s)
 25830 | Lair:1   | XOM: stat loss: -1 Int (13/14)
 26144 | Lair:2   | XOM: summons friendly iron imp
 26325 | Lair:2   | XOM: enchant monster (bad)
 26327 | Lair:2   | XOM: enchant monster (bad)
 26334 | Lair:2   | XOM: silly message
 26358 | Lair:1   | XOM: give mutations
 26358 | Lair:1   | Lost mutation: You are very clumsy. (Dex -4) [Xom's
                  | mischief]
 26358 | Lair:1   | Lost mutation: You have a pair of small horns on your head.
                  | [Xom's mischief]
 26367 | Lair:2   | XOM: chaos cloud
 26386 | Lair:2   | XOM: repel stairs
 26527 | Lair:2   | Noticed Urug
 26539 | Lair:2   | XOM: noise
 26547 | Lair:2   | Killed Urug
 26686 | Lair:2   | XOM: summons friendly white imp
 26702 | Lair:2   | Reached XP level 13. HP: 73/73 MP: 0/0
 26702 | Lair:2   | Learned a level 5 spell: Lee's Rapid Deconstruction
 26711 | Lair:2   | XOM: noise
 26724 | Lair:2   | XOM: noise
 26734 | Lair:2   | XOM: divination: magic mapping
 26738 | Lair:2   | XOM: cast spell 'Summon Horrible Things'
 26801 | Lair:2   | XOM: give mutations
 26801 | Lair:2   | Lost mutation: You are very frail. (-20% HP) [Xom's grace]
 26801 | Lair:2   | Gained mutation: Your mind is acute. (Int +4, Str/Dex -1)
                  | [Xom's grace]
 27055 | Lair:2   | XOM: destruction
 27058 | Lair:2   | XOM: confuse monster(s)
 27143 | Lair:2   | XOM: summons 5 friendly demons
 27159 | Lair:2   | XOM: fog
 27162 | Lair:2   | XOM: divine lightning
 27163 | Lair:2   | XOM: fake destruction
 27170 | Lair:2   | Slain by a komodo dragon

Illustrated notes

Levels and vault maps discovered:
D:1:      evilmike_arrival_hilbert_curve, layout_rooms, minmay_tetromino_o4
D:2:      layout_basic, st_stairs_13, uniq_sigmund
D:3:      minmay_razor_zed, layout_basic, mainiacjoe_overflow_swirl, uniq_robin,
          uniq_ijyb, uniq_terence
D:4:      layout_loops_ring, kennysheep_mini_moat,
          nicolae_uskayaw_murder_on_the_dancefloor,
          mainiacjoe_overflow_small_starburst, minmay_temple_entry_crystal_x
D:5:      layout_basic, portal_sewer_entry_a
D:6:      layout_rooms
D:7:      kb_forest_paths, layout_gridville, makhleb_grotto_becter,
          gammafunk_temple_overflow_forgotten, minmay_fountain_box
D:8:      layout_cave_pools, nzn_overflow_gifts_of_might_and_magic,
          serial_column_ruins, column_ruins_temple_hall, column_ruins_hut,
          column_ruins_corridor_straight, column_ruins_open_small_water,
          column_ruins_grid_1, column_ruins_columns_corner, column_ruins_grid_4,
          hex_tiny, minmay_misc_feat_pillars, uniq_prince_ribbit1, uniq_pikel,
          uniq_jeremiah, uniq_amaemon
D:9:      layout_rooms, lair_entry_dummy, orc_0_dummy
D:10:     layout_loops_ring, yredelemnul_altar_generic, minmay_ruined_shrine
Lair:1:   layout_cave_pods
Lair:2:   dreamdust_cave_troll, layout_cave_pods, st_stairs_13,
          beast_lair_carwin_3, grunt_megastairs_3, uniq_urug

Skill      XL: |  1  2  3  4  5  6  7  8  9 10 11 12 |
---------------+-------------------------------------+-----
Spellcasting   | 4 5 6 7 8 |  8.4
Conjurations   | 4 5 6 7 8 |  8.4
Hexes          | 4 5 6 7 8 |  8.4
Summonings     | 4 5 6 7 8 |  8.4
Necromancy     | 4 5 6 7 8 |  8.4
Translocations | 4 5 6 7 8 |  8.4
Fire Magic     | 4 5 6 7 8 |  8.4
Ice Magic      | 4 5 6 7 8 |  8.4
Air Magic      | 4 5 6 7 8 |  8.4
Earth Magic    | 4 5 6 7 8 |  8.4
Alchemy        | 4 5 6 7 8 |  8.4
Fighting       | 5 6 7 8 |  8.1
Long Blades    | 4 5 6 7 |  7.4
Armour         | 4 5 6 7 8 9 |  9.9
Dodging        | 5 6 |  6.6
Evocations     | 1 2 3 4 5 |  5.7
Shields        | 2 4 5 6 8 |  8.4

Action                     |  1- 3 |  4- 6 |  7- 9 | 10-12 | 13-15 || total
---------------------------+-------+-------+-------+-------+-------++-------
  Melee: Falchion          |    83 |   219 |   536 |   244 |    59 ||  1141
         Punch             |       |     2 |     2 |       |       ||     4
         Scimitar          |       |       |       |   432 |    22 ||   454
         Headbutt          |       |       |       |    56 |       ||    56
   Cast: Shock             |       |       |       |     1 |       ||     1
  Evoke: Wand              |       |       |       |    10 |       ||    10
    Use: Scroll            |       |       |     9 |    11 |       ||    20
         Potion            |       |       |     1 |     2 |       ||     3
   Stab: Paralysed         |       |     3 |       |     8 |       ||    11
         Confused          |       |     1 |     3 |     3 |     1 ||     8
         Sleeping          |       |     1 |       |       |       ||     1
         Distracted        |       |       |     1 |     2 |       ||     3
         Invisible         |       |       |     5 |     6 |       ||    11
         Petrified         |       |       |       |     1 |       ||     1
         Betrayed ally     |       |       |       |     1 |       ||     1
 Armour: Leather armour    |    40 |    51 |       |       |       ||    91
         Plate armour      |       |   134 |   527 |   950 |    99 ||  1710
  Dodge: Dodged            |    67 |   110 |   139 |   270 |    31 ||   617
  Block: Kite shield       |       |       |   354 |   769 |    87 ||  1210

Table legend: (Time is in decaauts)
 A = Elapsed time spent in this place.
 B = Non-inter-level travel time spent in this place.
 C = Inter-level travel time spent in this place.
 D = Time resting spent in this place.
 E = Time spent auto-exploring this place.
 F = Levels seen in this place.
 G = Mean time per level.
                   A        B        C        D        E       F      G
               +--------+--------+--------+--------+--------+-----+--------+
         Total |  27723 |  26982 |    741 |  15904 |   7644 |  13 | 2132.5 |
       Dungeon |  24459 |  23762 |    697 |  14974 |   6252 |  10 | 2445.9 |
          Lair |   2921 |   2877 |     44 |    930 |   1225 |   2 | 1460.5 |
         Sewer |    342 |    342 |      0 |      0 |    167 |   1 |  342.0 |
               +--------+--------+--------+--------+--------+-----+--------+

Top non-repeatable levels by time:
     D:1: 13970 daAuts
  Lair:1: 1906 daAuts
     D:8: 1590 daAuts
     D:7: 1582 daAuts
     D:5: 1428 daAuts
     D:3: 1360 daAuts
     D:2: 1113 daAuts
     D:4: 1067 daAuts
  Lair:2: 1015 daAuts
     D:9: 930 daAuts
    D:10: 839 daAuts
     D:6: 576 daAuts
   Sewer: 342 daAuts
